 Dungeon Crawl Stone Soup version 0.23-a0-78-gc252fe1 (webtiles) character file.

2779 mhoghedin the Ducker (level 10, -7/60 HPs)
             Began as a Kobold Conjurer on Aug 10, 2018.
             Was a Priest of Vehumet.
             Mangled by a white ugly thing (13 damage)
             ... on level 7 of the Dungeon.
             The game lasted 00:21:18 (8224 turns).

mhoghedin the Ducker (Kobold Conjurer)              Turns: 8224, Time: 00:21:19

Health: -7/60      AC:  4    Str:  8    XL:     10   Next: 1%
Magic:  10/27      EV: 19    Int: 20    God:    Vehumet [***...]
Gold:   352        SH:  0    Dex: 15    Spells: 3/20 levels left

rFire    + . .     SeeInvis .   t - +4 scimitar of Eternal Vigilance {flame, rC+ MP+9}
rCold    + . .     Gourm    .   (shield restricted)
rNeg     . . .     Faith    .   a - +0 robe
rPois    +         Spirit   .   q - +0 helmet
rElec    .         Reflect  .   (no cloak)
rCorr    .         Harm     .   i - +0 pair of gloves
MR       .....                  (no boots)
Stlth    +++.......             h - amulet of the acrobat
HPRegen  0.20/turn              (no ring)
MPRegen  0.20/turn              (no ring)

@: no status effects
A: small, carnivore, deterioration 1, fire resistance 1, poison resistance,
strong 1
a: Renounce Religion


You were on level 7 of the Dungeon.
You worshipped Vehumet.
Vehumet was most pleased with you.
You were very full.

You visited 2 branches of the dungeon, and saw 8 of its levels.
You also visited: Sewer.

You collected 352 gold pieces.

Inventory:

Hand Weapons
 d - a +1 short sword
   (You took it off a kobold on level 1 of the Dungeon)
 s - a +0 dagger of pain
   (You took it off an orc wizard on level 6 of the Dungeon)
 t - the +4 scimitar of Eternal Vigilance (weapon) {flame, rC+ MP+9}
   (You took it off an orc on level 6 of the Dungeon)

   It has been specially enchanted to burn those struck by it, causing extra
   injury to most foes and up to half again as much damage against particularly
   susceptible opponents.
   Big, fiery blades are also staple armaments of hydra-hunters.
   It protects you from cold.
   It affects your magic capacity (+9).
Armour
 a - a +0 robe (worn)
 i - a +0 pair of gloves (worn)
   (You found it on level 4 of the Dungeon)
 q - a +0 helmet (worn)
   (You found it on level 5 of the Dungeon)
Jewellery
 h - an amulet of the acrobat (around neck)
   (You found it on level 5 of the Dungeon)
Wands
 j - a wand of disintegration (8)
   (You found it on level 7 of the Dungeon)
Scrolls
 b - 6 scrolls of teleportation
 l - a scroll of enchant weapon
 n - a scroll of fear
 u - a scroll of magic mapping {!r}
 w - a scroll of enchant armour
Potions
 e - a potion of magic
 f - 3 potions of heal wounds
 g - 5 potions of curing
 k - a potion of haste
 o - a potion of flight
 p - 2 potions of might
 r - a potion of mutation {!q}
 x - a potion of berserk rage {!q}
Comestibles
 c - 14 rations


   Skills:
 + Level 6.0 Fighting
 - Level 3.2(5.1) Short Blades
 + Level 3.8(4.1) Long Blades
 + Level 7.0 Dodging
 - Level 4.5 Stealth
 - Level 5.5 Spellcasting
 - Level 6.8 Conjurations
 - Level 3.1 Hexes


You had 3 spell levels left.
You knew the following spells:

 Your Spells              Type           Power        Failure   Level  Hunger
a - Magic Dart            Conj           ####         1%          1    None
b - Searing Ray           Conj           ####..       1%          2    None
c - Dazzling Spray        Conj/Hex       ####..       1%          3    ##.....
d - Fulminant Prism       Conj/Hex       ####......   4%          4    ####...
e - Ignite Poison         Fire/Tmut/Pois #.......     9%          3    ##.....
x - Iskenderun's Mystic   Conj           ####....     1%          4    ####...

Your spell library contained the following spells:

 Spells                   Type           Power        Failure   Level  Hunger
 Bolt of Magma            Conj/Fire/Erth ##........   28%         5    #####..
 Confuse                  Hex            ###.....     9%          3    ##.....
 Venom Bolt               Conj/Pois      ###.......   19%         5    #####..
 Tukima's Dance           Hex            ###.....     9%          3    ##.....
 Iron Shot                Conj/Erth      ###.......   67%         6    #######
 Ensorcelled Hibernation  Hex/Ice        ##....       9%          2    None
 Corona                   Hex            ###....      3%          1    None
 Orb of Destruction       Conj           ####......   77%         7    #######
 Iskenderun's Battlesphe  Conj/Chrm      ###.....     19%         5    #####..
 Force Lance              Conj/Tloc      ###.....     7%          4    ####...
 Spellforged Servitor     Conj/Summ      ###.......   99%         7    #######


Dungeon Overview and Level Annotations

Branches:
Dungeon (7/15)             Temple (1/1) D:4

Altars:
Fedhas
Gozag
Hepliaklqana
Makhleb
Nemelex Xobeh
Okawaru
Ru
Sif Muna
Trog
Uskayaw
Vehumet
Xom
Yredelemnul
Zin
The Shining One

Annotations:
D:3 3 runed doors, biddum's ghost, amateur GrFi


Innate Abilities, Weirdness & Mutations

You are small and have problems with some larger weapons.
You are carnivorous and can eat meat at any time.
Your body sometimes deteriorates upon taking damage.
Your flesh is heat resistant. (rF+)
Your system is resistant to poisons. (rPois)
Your muscles are strong. (Str +2)


Message History

The ice beast barely misses you. The ice beast misses you.
You riposte.
You hit the ice beast.
You melt the ice beast.
You kill the ice beast!
Vehumet accepts your kill.
You start resting.
A worker ant comes into view.
The worker ant moves out of view.
You start resting.
You hear a blaring wail to the south.
You hear a howl!
You hear a shout!
You hear a horrible gurgling sound!
You hear a shout!
The worker ant is too close now for your liking.
You regained 2 hp, and now have 44/55 hp.
Things that are here:
a short sword; a whip; a kobold corpse
Things that are here:
a short sword; a stone You start resting.
Health restored: 55
Things that are here:
a short sword; a whip; a kobold corpse A bullfrog comes into view.
You see here a stone.
A bullfrog is nearby!
No target in view!
No target in view!
No target in view!
The worker ant is too close now for your liking.
No target in view!
No target in view!
The worker ant is too close now for your liking.
A white ugly thing comes into view.
Aim: a white ugly thing (hasn't noticed you)
The magic dart hits the white ugly thing.
The worker ant twitches its antennae in your direction.
The bullfrog croaks.
A bullfrog comes into view.
You now have 25/26 mp.
MP restored: 26
Aim: a white ugly thing The searing ray misses the bullfrog.
The searing ray hits the white ugly thing. (Press . to maintain the ray.)
You now have 24/26 mp.
The searing ray misses the bullfrog.
The searing ray misses the white ugly thing.
The bullfrog completely misses you.
You now have 23/26 mp.
The searing ray hits the white ugly thing.
You now have 22/26 mp.
The searing ray hits the white ugly thing.
The searing ray hits the bullfrog.
You finish channeling your searing ray.
The white ugly thing punches you. The white ugly thing freezes you! You resist.
You take 9 damage, and have 46/55 hp.
You now have 21/26 mp.
Aim: a white ugly thing (moderately wounded)
The spray of energy hits the white ugly thing.
The white ugly thing is dazzled.
You now have 19/26 mp.
You slash the bullfrog! You burn the bullfrog.
You kill the bullfrog!
Vehumet accepts your kill.
You feel your power returning.
Your Fighting skill increases to level 6!
You have reached level 10!
You feel clever.
You regained 4 hp, and now have 50/60 hp.
You hit the white ugly thing. You burn the white ugly thing.
The white ugly thing is no longer blind.
The white ugly thing punches you! The white ugly thing freezes you! You resist.
The white ugly thing closely misses you.
You take 26 damage, and have 25/60 hp.
MASSIVE DAMAGE!!
Unknown command.
Okay, then.
Unknown command.
Aim: a white ugly thing (moderately wounded)
The orb of energy hits the white ugly thing.
The orb of energy explodes!
The mystic blast hits the worker ant.
You hear a loud, deep croak!
The white ugly thing punches you. The white ugly thing freezes you! You resist.
* * * LOW HITPOINT WARNING * * *
You take 13 damage, and have 12/60 hp.
MASSIVE DAMAGE!!
You now have 17/27 mp.
Aim: a white ugly thing (severely wounded)
The orb of energy hits the white ugly thing.
The orb of energy explodes!
The mystic blast hits the worker ant.
You kill the worker ant!
Vehumet accepts your kill.
You feel your power returning.
Your Dodging skill increases to level 7!
The white ugly thing barely misses you.
You riposte.
The bullfrog croaks.
You hit the white ugly thing but do no damage.
You now have 14/27 mp.
Aim: a white ugly thing (severely wounded)
The orb of energy hits the white ugly thing.
The white ugly thing punches you.
* * * LOW HITPOINT WARNING * * *
The white ugly thing freezes you! You resist.
You die...

##### #..)# #.# #.#)# #.#
####.#@# #####+#.###....#u#
#...........####F#######
#...........#....##....##########
#...........+....(.....+.........
............#..........##%##.....
............##...........(.)†....
........##...+..........#.###...$
..#.#+#.##..##..........#........


You could see a white ugly thing and a bullfrog.

Vanquished Creatures
  The ghost of soark the Conjurer, an amateur HuCj (D:4)
  Grinder (D:6)
  Sigmund (D:2)
  Menkaure (D:7)
  An ice beast (D:7)
  A black bear (D:6)
  An orc warrior (D:6)
  A necrophage (D:6)
  2 phantoms
  2 ogres
  A centaur (D:6)
  A big kobold (D:7)
  4 bullfrogs
  2 scorpions (D:7)
  3 howler monkeys (D:7)
  2 crimson imps (D:6)
  A jelly (D:7)
  A quasit (D:6)
  A hound (D:4)
  3 orc wizards (D:6)
  2 orc priests
  2 iguanas
  3 worker ants
  A worker ant zombie (D:6)
  13 adders
  A river rat (D:6)
  10 oozes
  2 adder skeletons
  2 worms (D:2)
  4 dart slugs
  17 leopard geckos
  22 orcs
  10 bats
  11 giant cockroaches
  10 goblins
  7 hobgoblins
  4 jackals
  10 kobolds
  2 quokkas (D:4)
  11 ball pythons
  23 frilled lizards
  13 rats
211 creatures vanquished.

Vanquished Creatures (others)
  3 fulminant prisms
  2 fungi (D:3)
  2 plants (D:3)
7 creatures vanquished.

Grand Total: 218 creatures vanquished

Notes
Turn   | Place    | Note
-------+----------+-------------------------------------------
     0 | D:1      | mhoghedin the Kobold Conjurer began the quest for the Orb.
     0 | D:1      | Reached XP level 1. HP: 10/10 MP: 3/3
   168 | D:1      | Reached XP level 2. HP: 15/15 MP: 5/5
   256 | D:1      | Reached skill level 1 in Short Blades
   632 | D:1      | HP: 4/16 [ball python (1)]
   636 | D:1      | Reached XP level 3. HP: 6/20 MP: 4/6
   867 | D:1      | Learned a level 2 spell: Searing Ray
   871 | D:1      | Learned a level 3 spell: Dazzling Spray
   907 | D:1      | Reached skill level 1 in Fighting
  1727 | D:2      | Noticed Sigmund
  1794 | D:2      | Killed Sigmund
  1794 | D:2      | Reached skill level 4 in Spellcasting
  1794 | D:2      | Reached skill level 5 in Conjurations
  1794 | D:2      | Reached XP level 4. HP: 25/25 MP: 3/10
  1794 | D:2      | Reached XP level 5. HP: 29/29 MP: 3/11
  1990 | D:2      | Reached XP level 6. HP: 28/34 MP: 9/12
  2096 | D:2      | Learned a level 4 spell: Iskenderun's Mystic Blast
  2189 | D:2      | Found a glowing golden altar of the Shining One.
  2206 | D:2      | You fall through a shaft!
  2206 | D:3      | Found a shimmering altar of Xom.
  2623 | D:3      | Found a runed gate.
  2625 | D:3      | Noticed biddum's ghost (amateur GrFi)
  2675 | D:3      | Found a runed gate.
  2676 | D:3      | Found a runed gate.
  3053 | D:2      | Noticed a moth of wrath
  3062 | D:2      | Found a bloodstained altar of Trog.
  3380 | D:2      | Learned a level 4 spell: Fulminant Prism
  3961 | D:3      | Found a sacrificial altar of Ru.
  4175 | D:4      | Found a runed door.
  4212 | D:4      | Noticed soark's ghost (amateur HuCj)
  4221 | D:4      | Reached skill level 6 in Conjurations
  4221 | D:4      | Reached skill level 1 in Hexes
  4221 | D:4      | Reached XP level 7. HP: 16/38 MP: 9/14
  4227 | D:4      | HP: 11/57 [soark's ghost (4)]
  4252 | D:4      | Killed soark's ghost
  4252 | D:4      | Reached skill level 2 in Hexes
  4531 | D:4      | Found a staircase to the Ecumenical Temple.
  4539 | Temple   | Entered the Ecumenical Temple
  4723 | Temple   | Became a worshipper of Vehumet
  4810 | D:4      | Reached skill level 3 in Hexes
  4986 | D:4      | Found a bloodstained altar of Trog.
  5492 | D:5      | Entered Level 5 of the Dungeon
  5723 | D:4      | Reached skill level 3 in Stealth
  5969 | D:5      | Reached skill level 2 in Short Blades
  5969 | D:5      | Reached XP level 8. HP: 32/43 MP: 4/15
  6330 | D:6      | Reached skill level 3 in Dodging
  6356 | D:6      | Reached skill level 2 in Fighting
  6379 | D:6      | Reached skill level 4 in Stealth
  6551 | D:6      | Reached skill level 3 in Short Blades
  6553 | D:6      | Reached * piety under Vehumet
  6553 | D:6      | Offered knowledge of Sting by Vehumet.
  6555 | D:6      | Found a glowing drain.
  6572 | D:6      | Got an ichor-stained scimitar {flame}
  6573 | D:6      | Identified the +4 scimitar of Eternal Vigilance {flame, rC+ MP+9} (You took it off an orc on level 6 of the Dungeon)
  6587 | Sewer    | Entered a sewer
  6934 | Sewer    | Reached ** piety under Vehumet
  6934 | Sewer    | Offered knowledge of Throw Flame by Vehumet.
  6967 | Sewer    | Reached skill level 3 in Fighting
  7003 | Sewer    | Reached skill level 4 in Dodging
  7025 | Sewer    | Reached skill level 1 in Long Blades
  7240 | D:6      | Offered knowledge of Ignite Poison by Vehumet.
  7272 | D:6      | Reached skill level 5 in Spellcasting
  7272 | D:6      | Reached XP level 9. HP: 33/52 MP: 16/16
  7276 | D:6      | Noticed Grinder
  7314 | D:6      | Learned a level 3 spell: Ignite Poison
  7348 | D:6      | Reached skill level 4 in Fighting
  7372 | D:6      | Paralysed by Grinder for 2 turns
  7376 | D:6      | Killed Grinder
  7376 | D:6      | Reached skill level 2 in Long Blades
  7376 | D:6      | Reached skill level 5 in Dodging
  7667 | D:6      | Reached *** piety under Vehumet
  7688 | D:6      | Reached skill level 5 in Fighting
  7898 | D:6      | Gained mutation: Your muscles are strong. (Str +2) [potion of mutation]
  7898 | D:6      | Gained mutation: Your body sometimes deteriorates upon taking damage. [potion of mutation]
  7898 | D:6      | Gained mutation: Your flesh is heat resistant. (rF+) [potion of mutation]
  7898 | D:6      | Gained mutation: Your system is resistant to poisons. (rPois) [potion of mutation]
  7957 | D:7      | Noticed Menkaure
  7972 | D:7      | Reached skill level 3 in Long Blades
  7972 | D:7      | Reached skill level 6 in Dodging
  7974 | D:7      | Killed Menkaure
  8197 | D:7      | Noticed a white ugly thing
  8219 | D:7      | Reached skill level 6 in Fighting
  8219 | D:7      | Reached XP level 10. HP: 50/60 MP: 18/18
  8222 | D:7      | HP: 12/60 [white ugly thing (7)]
  8223 | D:7      | Reached skill level 7 in Dodging
  8224 | D:7      | Mangled by a white ugly thing

Vault maps used:
D:1:      lemuel_arrival_broad_hall
D:2:      tgw_trog, serial_glass, glass_columns_c, glass_columns_b, tso_altar,
          uniq_sigmund
D:3:      nicolae_ru_path_of_blood, lemuel_round_altar,
          gammafunk_ghost_nasty_kobolds, minmay_misc_feat_cross
D:4:      minmay_temple_entry_hall, ebering_ghost_sewer_d, first_ration,
          trog_butcher_becter
D:5:      serial_bayou_pond_c
D:6:      portal_sewer_entry_b, kennysheep_crisscross, uniq_grinder
D:7:      uniq_menkaure
Temple:   bh_familiar_temple
Sewer:    sewer_frog_island_02

Skill      XL: |  1  2  3  4  5  6  7  8  9 10 |
---------------+-------------------------------+-----
Short Blades   | 1 2 3 |  3.2
Fighting       | 1 3 6 |  6.0
Spellcasting   | 4 5 |  5.5
Conjurations   | 5 6 |  6.8
Hexes          | 1 3 |  3.1
Stealth        | 3 4 |  4.5
Dodging        | 4 6 7 |  7.0
Long Blades    | 1 3 |  3.8

Action                   |  1- 3 |  4- 6 |  7- 9 | 10-12 || total
-------------------------+-------+-------+-------+-------++-------
Melee: Unarmed           |     6 |       |       |       ||     6
       Short sword       |    14 |       |    88 |       ||   102
       Dagger            |    57 |    66 |    15 |       ||   138
       Scimitar          |       |       |   208 |     1 ||   209
 Cast: Magic Dart        |    41 |    34 |    17 |       ||    92
       Searing Ray       |     1 |    20 |    18 |       ||    39
       Iskenderun's Myst |       |     4 |     3 |     3 ||    10
       Dazzling Spray    |       |     1 |     6 |       ||     7
       Fulminant Prism   |       |       |     3 |       ||     3
  Use: Scroll            |     5 |     6 |     7 |       ||    18
       Potion            |       |     1 |     7 |       ||     8
 Stab: Sleeping          |     4 |     3 |     6 |       ||    13
       Distracted        |       |       |     1 |       ||     1
  Eat: Chunk             |     4 |    16 |    14 |       ||    34
Armor: Robe              |    11 |    21 |    58 |       ||    90
       Skin              |       |       |    21 |       ||    21
Dodge: Dodged            |    71 |   127 |   387 |     2 ||   587
       Rpst.: Scimitar   |       |       |    93 |     1 ||    94

Table legend:
 A = Non-vault XP
 B = Vault XP
 C = Vault XP percentage of total XP
 D = Non-vault monster count
 E = Vault monster count
 F = Vault count percentage of total count
 G = Total turns spent on level
                 A         B        C        D         E       F
            +---------+---------+-------+---------+---------+-------
      Total |    2666 |    1305 |  32.9 |     142 |      69 |  32.7
            +---------+---------+-------+---------+---------+-------
        D:1 |      45 |       0 |   0.0 |      25 |       0 |   0.0
        D:2 |      56 |     210 |  78.9 |      22 |       3 |  12.0
        D:3 |     146 |       0 |   0.0 |      34 |       0 |   0.0
        D:4 |     139 |     394 |  73.9 |      11 |       8 |  42.1
        D:5 |     141 |       0 |   0.0 |       5 |       0 |   0.0
        D:6 |    1314 |     276 |  17.4 |      31 |       3 |   8.8
        D:7 |     825 |     183 |  18.2 |      14 |       1 |   6.7
      Sewer |       0 |     242 | 100.0 |       0 |      54 | 100.0
            +---------+---------+-------+---------+---------+-------

Vault maps used:
D:1:      lemuel_arrival_broad_hall
D:2:      tgw_trog, serial_glass, glass_columns_c, glass_columns_b, tso_altar,
          uniq_sigmund
D:3:      nicolae_ru_path_of_blood, lemuel_round_altar,
          gammafunk_ghost_nasty_kobolds, minmay_misc_feat_cross
D:4:      minmay_temple_entry_hall, ebering_ghost_sewer_d, first_ration,
          trog_butcher_becter
D:5:      serial_bayou_pond_c
D:6:      portal_sewer_entry_b, kennysheep_crisscross, uniq_grinder
D:7:      uniq_menkaure
Temple:   bh_familiar_temple
Sewer:    sewer_frog_island_02

Table legend:
 A = Turns spent in this place as a percentage of turns spent in the entire game.
 B = Non-inter-level travel turns spent in this place as a percentage of non-inter-level travel turns spent in the entire game.
 C = Inter-level travel turns spent in this place as a percentage of turns spent in this place.
 D = Turns resting spent in this place as a percentage of non-inter-level travel turns spent in this place.
 E = Turns spent auto-exploring this place as a percentage of non-inter-level travel turns spent in this place.
 F = Non-inter-level travel turns spent in this place divided by the number of levels of this place that you've seen.
                   A       B       C       D       E      F
               +-------+-------+-------+-------+-------+----------------------
         Total | 100.0 | 100.0 |   2.5 |  36.0 |  39.9 | 890.9
       Dungeon |  90.4 |  90.4 |   2.5 |  35.9 |  40.8 | 1035.4
        Temple |   2.5 |   2.3 |  10.2 |   0.0 |  89.7 | 185.0
         Sewer |   7.1 |   7.3 |   0.0 |  48.9 |  12.5 | 585.0
               +-------+-------+-------+-------+-------+----------------------

Table legend:
 A = Kills in this place as a percentage of kills in entire the game.
 B = Kills by you in this place as a percentage of kills by you in the entire game.
 C = Kills by friends in this place as a percentage of kills by friends in the entire game.
 D = Other kills in this place as a percentage of other kills in the entire game.
 E = Experience gained in this place as a percentage of experience gained in the entire game.
 F = Experience gained in this place divided by the number of levels of this place that you have seen.
                   A       B       C       D       E      F
               +-------+-------+-------+-------+-------+----------------------
         Total | 100.0 | 100.0 |   N/A |   N/A | 100.0 | 441.2
       Dungeon |  74.4 |  74.4 |   N/A |   N/A |  93.9 | 532.7
         Sewer |  25.6 |  25.6 |   N/A |   N/A |   6.1 | 242.0
               +-------+-------+-------+-------+-------+----------------------
